 Dungeon Crawl Stone Soup version 0.26-a0-18-g135ff06667 (webtiles) character file.

Game seed: 245630925184374379, levelgen mode: deterministic

6217 Mrkan the Blocker (level 10, 0/82 HPs)
             Began as a Gnoll Fighter on May 25, 2020.
             Was a Priest of Trog.
             Slain by a spiny frog (7 damage)
             ... on level 1 of the Lair of Beasts.
             The game lasted 00:14:38 (10326 turns).

Mrkan the Blocker (Gnoll Fighter)                  Turns: 10326, Time: 00:14:38

Health: 0/82       AC: 16    Str: 22    XL:     10   Next: 92%
Magic:  18/18      EV:  8    Int: 10    God:    Trog [***...]
Gold:   598        SH: 12    Dex: 15    Spells: 20/20 levels left

rFire    . . .     SeeInvis .   a - +1 trident
rCold    . . .     Gourm    .   c - +0 kite shield
rNeg     . . .     Faith    .   J - +0 plate armour
rPois    .         Spirit   .   (no helmet)
rElec    .         Reflect  .   (no cloak)
rCorr    .         Harm     .   (no gloves)
MR       ++...                  b - +1 pair of boots
Stlth    ..........             (no amulet)
HPRegen  1.23/turn              (no ring)
MPRegen  0.16/turn              (no ring)

@: lethally poisoned (0 -> -4), regenerating
A: distributed training, fangs 1, strong nose
a: Berserk, Trog's Hand, Renounce Religion


You were on level 1 of the Lair of Beasts.
You worshipped Trog.
Trog was most pleased with you.
You were not hungry.

You visited 3 branches of the dungeon, and saw 11 of its levels.
You also visited: Sewer.

You collected 598 gold pieces.

Inventory:

Hand Weapons
 a - a +1 trident (weapon)
Missiles
 j - 4 javelins (quivered)
 u - 17 poisoned darts
Armour
 b - a +1 pair of boots (worn)
 c - a +0 kite shield (worn)
 J - a +0 plate armour (worn)
Jewellery
 h - an uncursed ring of positive energy {unknown}
 B - a cursed ring of teleportation {unknown}
 D - a +6 ring of dexterity {unknown}
 E - a cursed -4 ring of slaying {unknown}
 F - a cursed ring of attention {unknown}
Wands
 v - a wand of enslavement (4)
 C - a wand of polymorph (11)
 H - a wand of digging (2)
 I - a wand of random effects (10)
 M - a wand of iceblast (13)
Scrolls
 e - 2 scrolls of magic mapping
 p - 3 scrolls of enchant armour
 q - 2 scrolls of teleportation
 x - 2 scrolls of enchant weapon
 y - a scroll of immolation
 A - a scroll of remove curse
 L - a scroll of brand weapon
Potions
 d - 8 potions of might
 g - 8 potions of heal wounds
 i - 6 potions of curing
 k - a potion of invisibility
 l - 3 potions of stabbing
 n - 2 potions of haste
 r - a potion of lignification
 s - 2 potions of flight
 z - a potion of resistance
 G - a potion of mutation
Comestibles
 f - 22 rations


   Skills:
 + Level 8.7 Fighting
 + Level 5.6 Short Blades
 + Level 5.6 Long Blades
 + Level 5.6 Axes
 + Level 5.6 Maces & Flails
 + Level 7.3 Polearms
 + Level 5.6 Staves
 + Level 5.6 Slings
 + Level 5.6 Bows
 + Level 5.6 Crossbows
 + Level 5.6 Throwing
 + Level 8.7 Armour
 + Level 5.6 Dodging
 + Level 5.6 Stealth
 + Level 8.7 Shields
 + Level 5.6 Unarmed Combat
 + Level 5.6 Spellcasting
 + Level 4.6 Conjurations
 + Level 4.6 Hexes
 + Level 4.6 Charms
 + Level 4.6 Summonings
 + Level 4.6 Necromancy
 + Level 4.6 Translocations
 + Level 4.6 Transmutations
 + Level 4.6 Fire Magic
 + Level 4.6 Ice Magic
 + Level 4.6 Air Magic
 + Level 4.6 Earth Magic
 + Level 4.6 Poison Magic
 + Level 6.2 Invocations
 + Level 5.6 Evocations


You had 20 spell levels left.
You didn't know any spells.
Your spell library was empty.

Dungeon Overview and Level Annotations

Branches:
Dungeon (9/15)             Temple (1/1) D:4            Lair (1/6) D:9
  Sewer (visited)
    Orc: D:9-12

Altars:
Ashenzari
Cheibriados
Dithmenos
Elyvilon
Fedhas
Gozag
Hepliaklqana
Kikubaaqudgha
Makhleb
Nemelex Xobeh
Okawaru
Qazlal
Ru
Sif Muna
Trog
Uskayaw
Vehumet
Wu Jian
Xom
Yredelemnul
Zin
The Shining One

Shops:
D:4 *

Annotations:
D:4 2 transporters, flt's ghost, amateur CeWr


Innate Abilities, Weirdness & Mutations

Your experience applies equally to all skills.
You have very sharp teeth.
Your uncanny sense of smell can sniff out nearby items.


Message History

You are poisoned.
The spiny frog poisons you!
Your shield and plate armour prevent you from hitting the spiny frog.
The spiny frog is heavily wounded.
You feel sick.
The spiny frog stings you but does no damage.
You closely miss the spiny frog.
The spiny frog is heavily wounded.
You feel sick. You block the spiny frog's attack.
You hit the spiny frog.
You bite the spiny frog, but do no damage.
The spiny frog is severely wounded.
You feel sick. The spiny frog stings you.
* * * LOW HITPOINT WARNING * * *
You are more poisoned.
The spiny frog poisons you!
Your skin crawls.
You feel resistant to hostile enchantments.
You feel quite a bit more hungry.
You feel sick. The spiny frog stings you!
You die...

######### ####
#####.#P..#P#####.P#####
........................
.......@................
.......F......>.#.######
................###
................#
.........=......#
###P.##.##.####.# ###
####.# #.P# #.# #.## ###
#.#


You could see a spiny frog.

Vanquished Creatures
  Pikel (D:4)
  A manticore (D:9)
  Maurice (D:8)
  A rime drake (Lair:1)
  A hippogriff (D:9)
  Sigmund (D:2)
  A yak (D:9)
  4 hogs (D:7)
  2 basilisks (D:9)
  A hungry ghost (D:8)
  A human (D:7)
  Duvessa (D:7)
  3 orc warriors
  2 sky beasts (D:7)
  2 ice beasts
  2 ogres
  4 centaurs
  2 big kobolds (Sewer)
  6 bullfrogs
  A water moccasin zombie (D:7)
  A scorpion (D:8)
  Dowan (D:7)
  4 howler monkeys
  7 crimson imps
  A bullfrog zombie (D:7)
  A jelly (D:6)
  A quasit (D:9)
  2 orc priests
  A centaur skeleton (D:7)
  Jessica (D:2)
  7 iguanas
  2 orc wizards
  11 worker ants
  2 killer bee zombies (D:5)
  2 gnolls (D:6)
  9 adders
  A shadow imp (D:7)
  2 oozes
  3 adder skeletons
  5 worms
  3 dart slugs (D:1)
  4 leopard geckos
  13 orcs
  7 bats
  10 giant cockroaches
  7 goblins
  5 hobgoblins
  17 jackals
  4 quokkas
  5 ball pythons
  11 frilled lizards
  22 kobolds
  A leopard gecko skeleton (D:7)
  A quokka skeleton (D:5)
  A quokka zombie (D:5)
  13 rats
226 creatures vanquished.

Vanquished Creatures (others)
  A slave (D:4)
  An adder (D:4)
2 creatures vanquished.

Grand Total: 228 creatures vanquished

Notes
Turn   | Place    | Note
-------+----------+-------------------------------------------
     0 | D:1      | Mrkan the Gnoll Fighter began the quest for the Orb.
     0 | D:1      | Reached XP level 1. HP: 23/23 MP: 1/1
   155 | D:1      | Reached XP level 2. HP: 29/29 MP: 2/2
   604 | D:1      | Reached XP level 3. HP: 33/35 MP: 3/3
   935 | D:2      | Noticed Sigmund
   951 | D:2      | Killed Sigmund
   951 | D:2      | Reached skill level 1 in Short Blades
   951 | D:2      | Reached skill level 1 in Long Blades
   951 | D:2      | Reached skill level 1 in Axes
   951 | D:2      | Reached skill level 1 in Maces & Flails
   951 | D:2      | Reached skill level 1 in Staves
   951 | D:2      | Reached skill level 1 in Slings
   951 | D:2      | Reached skill level 1 in Bows
   951 | D:2      | Reached skill level 1 in Crossbows
   951 | D:2      | Reached skill level 1 in Throwing
   951 | D:2      | Reached skill level 1 in Dodging
   951 | D:2      | Reached skill level 1 in Stealth
   951 | D:2      | Reached skill level 1 in Unarmed Combat
   951 | D:2      | Reached skill level 1 in Spellcasting
   951 | D:2      | Reached skill level 1 in Conjurations
   951 | D:2      | Reached skill level 1 in Hexes
   951 | D:2      | Reached skill level 1 in Charms
   951 | D:2      | Reached skill level 1 in Summonings
   951 | D:2      | Reached skill level 1 in Necromancy
   951 | D:2      | Reached skill level 1 in Translocations
   951 | D:2      | Reached skill level 1 in Transmutations
   951 | D:2      | Reached skill level 1 in Fire Magic
   951 | D:2      | Reached skill level 1 in Ice Magic
   951 | D:2      | Reached skill level 1 in Air Magic
   951 | D:2      | Reached skill level 1 in Earth Magic
   951 | D:2      | Reached skill level 1 in Poison Magic
   951 | D:2      | Reached skill level 1 in Invocations
   951 | D:2      | Reached skill level 1 in Evocations
   951 | D:2      | Reached XP level 4. HP: 13/41 MP: 3/6
   951 | D:2      | Reached XP level 5. HP: 15/47 MP: 3/7
  1208 | D:2      | Noticed Jessica
  1211 | D:2      | Killed Jessica
  1402 | D:2      | Reached XP level 6. HP: 53/53 MP: 8/8
  2088 | D:3      | Found a glowing drain.
  2097 | Sewer    | Entered a sewer
  2196 | Sewer    | Reached skill level 5 in Polearms
  2330 | Sewer    | Reached XP level 7. HP: 57/59 MP: 10/10
  2701 | D:3      | Found a sparkling altar of Nemelex Xobeh.
  3402 | D:4      | Found a transporter.
  3403 | D:4      | Noticed flt's ghost (amateur CeWr)
  3404 | D:4      | Found Lyteum's General Store.
  3405 | D:4      | Identified the cursed +0 great mace of Profit {vorpal, rC+
                  | Str+4}
  3411 | D:4      | Found a transporter.
  3423 | D:4      | Found a staircase to the Ecumenical Temple.
  3500 | Temple   | Entered the Ecumenical Temple
  3624 | Temple   | Became a worshipper of Trog the Wrathful
  4082 | D:4      | Noticed Pikel
  4116 | D:4      | Killed Pikel
  4116 | D:4      | Reached XP level 8. HP: 9/67 MP: 10/12
  4737 | D:4      | Found a radiant altar of Vehumet.
  5019 | D:5      | Entered Level 5 of the Dungeon
  5232 | D:5      | Reached * piety under Trog
  6076 | D:5      | Found a shimmering blue altar of Sif Muna.
  6603 | D:6      | Reached XP level 9. HP: 68/72 MP: 14/14
  6658 | D:6      | Found a sacrificial altar of Ru.
  6890 | D:6      | Found a snail-covered altar of Cheibriados.
  7173 | D:6      | Found an iron altar of Okawaru.
  7207 | D:6      | Reached ** piety under Trog
  7455 | D:7      | Found an ornate altar of the Wu Jian Council.
  7489 | D:7      | Got a warped war axe
  7532 | D:7      | Identified the cursed +3 war axe of Beha {drain, +Blink
                  | Str+4 Dex-2} (You found it on level 7 of the Dungeon)
  8110 | D:7      | Noticed Dowan
  8111 | D:7      | Noticed Duvessa
  8129 | D:7      | Killed Duvessa
  8129 | D:7      | Reached skill level 5 in Invocations
  8135 | D:7      | Killed Dowan
  8249 | D:7      | Reached XP level 10. HP: 66/80 MP: 15/17
  8971 | D:8      | Reached skill level 5 in Short Blades
  8971 | D:8      | Reached skill level 5 in Long Blades
  8971 | D:8      | Reached skill level 5 in Axes
  8971 | D:8      | Reached skill level 5 in Maces & Flails
  8971 | D:8      | Reached skill level 5 in Staves
  8971 | D:8      | Reached skill level 5 in Slings
  8971 | D:8      | Reached skill level 5 in Bows
  8971 | D:8      | Reached skill level 5 in Crossbows
  8971 | D:8      | Reached skill level 5 in Throwing
  8971 | D:8      | Reached skill level 5 in Dodging
  8971 | D:8      | Reached skill level 5 in Stealth
  8971 | D:8      | Reached skill level 5 in Unarmed Combat
  8971 | D:8      | Reached skill level 5 in Spellcasting
  8971 | D:8      | Reached skill level 5 in Evocations
  9082 | D:8      | Reached *** piety under Trog
  9115 | D:8      | Noticed Maurice
  9128 | D:8      | Killed Maurice
  9503 | D:8      | Found a shattered altar of Ashenzari.
  9634 | D:8      | Found a blossoming altar of Fedhas.
  9636 | D:8      | Found a sparkling altar of Nemelex Xobeh.
  9636 | D:8      | Found an iron altar of Okawaru.
  9638 | D:8      | Found a shimmering altar of Xom.
  9638 | D:8      | Found a hide-covered altar of Uskayaw.
  9638 | D:8      | Found an opulent altar of Gozag.
  9837 | D:9      | Noticed a manticore
  9858 | D:9      | Killed a manticore
 10252 | D:9      | Found a staircase to the Lair.
 10263 | Lair:1   | Entered Level 1 of the Lair of Beasts
 10301 | Lair:1   | Noticed a spiny frog
 10326 | Lair:1   | Slain by a spiny frog

Illustrated notes

Levels and vault maps discovered:
D:1:      minmay_arrival_radiant_lines, layout_basic, serial_glass,
          glass_columns_b, glass_columns_b, minmay_lizard_king
D:2:      layout_loops_ring, minmay_tromino_v4_a, uniq_sigmund, uniq_jessica
D:3:      layout_basic, old_standard_altar, portal_sewer_entry_d
D:4:      layout_loops_ring, old_standard_altar, temple_statues, serial_shops,
          nicolae_shop_crystal, gammafunk_ghost_smash, serial_glass,
          glass_columns_b, glass_columns_a, glass_columns_a, glass_columns_a,
          glass_columns_c, glass_columns_b, grunt_ministairs_5, uniq_pikel
D:5:      layout_basic, lemuel_blue_sif_altar, first_ration, chequers_jeans
D:6:      layout_basic, lemuel_round_altar, nicolae_ru_awakened_eye,
          okawaru_altar_gauntlet_db, minivault_19, skrybe_limestone_x,
          st_stairs_10, solitary_fountain, hangedman_minor_gate_pass
D:7:      layout_basic, marbit_many_paths, grunt_livestock, uniq_duvessa
D:8:      layout_cave_pools, doesnt_xom_only_xom, old_standard_altar,
          uniq_maurice
D:9:      layout_stronghold, david_lair_generic, grunt_decor_mini_mirrors
Temple:   dshaligram_water_room_temple
Lair:1:   layout_chaotic_city, minivault_23, grunt_megastairs_4

Skill      XL: |  1  2  3  4  5  6  7  8  9 10 |
---------------+-------------------------------+-----
Short Blades   | 1 2 3 4 5 |  5.6
Long Blades    | 1 2 3 4 5 |  5.6
Axes           | 1 2 3 4 5 |  5.6
Maces & Flails | 1 2 3 4 5 |  5.6
Staves         | 1 2 3 4 5 |  5.6
Slings         | 1 2 3 4 5 |  5.6
Bows           | 1 2 3 4 5 |  5.6
Crossbows      | 1 2 3 4 5 |  5.6
Throwing       | 1 2 3 4 5 |  5.6
Dodging        | 1 2 3 4 5 |  5.6
Stealth        | 1 2 3 4 5 |  5.6
Unarmed Combat | 1 2 3 4 5 |  5.6
Spellcasting   | 1 2 3 4 5 |  5.6
Conjurations   | 1 2 3 4 |  4.6
Hexes          | 1 2 3 4 |  4.6
Charms         | 1 2 3 4 |  4.6
Summonings     | 1 2 3 4 |  4.6
Necromancy     | 1 2 3 4 |  4.6
Translocations | 1 2 3 4 |  4.6
Transmutations | 1 2 3 4 |  4.6
Fire Magic     | 1 2 3 4 |  4.6
Ice Magic      | 1 2 3 4 |  4.6
Air Magic      | 1 2 3 4 |  4.6
Earth Magic    | 1 2 3 4 |  4.6
Poison Magic   | 1 2 3 4 |  4.6
Invocations    | 1 2 3 4 5 6 |  6.2
Evocations     | 1 2 3 4 5 |  5.6
Polearms       | 5 6 7 |  7.3
Fighting       | 7 8 |  8.7
Armour         | 7 8 |  8.7
Shields        | 7 8 |  8.7

Action                   |  1- 3 |  4- 6 |  7- 9 | 10-12 || total
-------------------------+-------+-------+-------+-------++-------
Melee: Trident           |    66 |   121 |   594 |   288 ||  1069
       Bite              |     6 |    15 |    97 |    34 ||   152
Invok: Berserk           |       |       |     1 |     2 ||     3
       Trog's Hand       |       |       |       |     2 ||     2
  Use: Scroll            |       |       |     8 |    13 ||    21
  Eat: Chunk             |       |     5 |    20 |    13 ||    38
Armor: Scale mail        |    19 |    47 |    48 |       ||   114
       Chain mail        |       |       |    74 |       ||    74
       Plate armour      |       |       |   100 |   154 ||   254
Dodge: Dodged            |    21 |    49 |   135 |    90 ||   295
Block: Kite shield       |    28 |    98 |   289 |   153 ||   568

Table legend:
 A = Non-vault XP
 B = Vault XP
 C = Vault XP percentage of total XP
 D = Non-vault monster count
 E = Vault monster count
 F = Vault count percentage of total count
                 A         B        C        D         E       F
            +---------+---------+-------+---------+---------+-------
      Total |    4848 |    4034 |  45.4 |     161 |      65 |  28.8
            +---------+---------+-------+---------+---------+-------
        D:1 |      30 |      12 |  28.6 |      14 |      10 |  41.7
        D:2 |      51 |     268 |  84.0 |      17 |       5 |  22.7
        D:3 |     160 |      13 |   7.5 |      30 |       1 |   3.2
        D:4 |     374 |     593 |  61.3 |      18 |       1 |   5.3
        D:5 |     462 |       0 |   0.0 |      25 |       0 |   0.0
        D:6 |     337 |     328 |  49.3 |       8 |      11 |  57.9
        D:7 |    1265 |    1295 |  50.6 |      23 |       8 |  25.8
        D:8 |    1205 |     472 |  28.1 |      22 |       1 |   4.3
        D:9 |     591 |     818 |  58.1 |       3 |       4 |  57.1
     Lair:1 |     373 |       0 |   0.0 |       1 |       0 |   0.0
      Sewer |       0 |     235 | 100.0 |       0 |      24 | 100.0
            +---------+---------+-------+---------+---------+-------
